 Dungeon Crawl Stone Soup version 0.19.4 (webtiles) character file.

21 bosm the Sneak (level 2, 0/21 HPs)
             Began as a Vine Stalker Enchanter on Feb 1, 2017.
             Slain by a leopard gecko (1 damage)
             ... on level 1 of the Dungeon.
             The game lasted 00:01:46 (712 turns).

bosm the Sneak (Vine Stalker Enchanter)              Turns: 712, Time: 00:01:46

Health: 0/21       AC: 21    Str: 10    XL:     2   Next: 87%
Magic:  0/6        EV:  2    Int: 15    God:
Gold:   10         SH:  0    Dex: 14    Spells: 1 memorised, 5 levels left

rFire  . . .     SeeInvis .     a - +1 dagger
rCold  . . .     Gourm    .     (armour currently unavailable)
rNeg   + + +     Faith    .     (no shield)
rPois  +         Spirit   +     (helmet currently unavailable)
rElec  .         Reflect  .     (cloak currently unavailable)
rCorr  .         Harm     .     (gloves currently unavailable)
MR     .....     NoTele   +     (boots currently unavailable)
Stlth  +++.......               (no amulet)
                                (no ring)
                                (no ring)

@: tree-form
A: (fangs 0), magic shield, (antimagic bite), no device heal 3, rot immunity
a: no special abilities


You were on level 1 of the Dungeon.
You were not hungry.
You were a tree.
You visited 1 branch of the dungeon, and saw 1 of its levels.

You collected 10 gold pieces.

Inventory:

Hand Weapons
 a - a +1 dagger (weapon)
Armour
 b - a +1 robe
 e - a +0 leather armour
 h - a +0 ring mail (melded)
Scrolls
 i - a scroll of identify {unknown}
 l - a scroll of noise {unknown}
Potions
 j - a potion of resistance {unknown}
 k - a potion of invisibility {unknown}
Books
 c - a book of Maledictions

   Spells                             Type                      Level
   a - Corona                         Hexes                        1
   b - Ensorcelled Hibernation        Hexes/Ice                    2
   c - Confuse                        Hexes                        3
   d - Tukima's Dance                 Hexes                        3
   e - Dazzling Spray                 Conjuration/Hexes            3
Comestibles
 d - a bread ration


   Skills:
 + Level 0.6 Fighting
 * Level 1.4 Short Blades
 - Level 1.5 Dodging
 * Level 3.9 Stealth
 * Level 2.5 Spellcasting
 + Level 3.0 Hexes


You had 5 spell levels left.
You knew the following spells:

 Your Spells              Type           Power        Failure   Level  Hunger
a - Corona                Hex            ##.....      8%          1    #......


Dungeon Overview and Level Annotations

Branches:
Dungeon (1/15)

Altars:


Innate Abilities, Weirdness & Mutations

((You have extremely sharp teeth.))
When hurt, damage is shared between your health and your magic reserves.
((Your bite disrupts and absorbs the magic of your enemies.))
Potions and wands cannot restore your health.
You are immune to rotting.


Message History

The leopard gecko bites you but does no damage.
The leopard gecko bites you.
* * * LOW HITPOINT WARNING * * *
The leopard gecko barely misses you.
You see here a jackal corpse.
Casting: Corona
Confirm with . or Enter, or press ? or * to list all spells.
You don't have enough magic to cast that spell.
Unknown command.
It was a potion of curing.
That felt strangely inert.
The leopard gecko bites you but does no damage.
It was a potion of lignification.
You turn into a tree.
Your +0 ring mail melds into your body.
Your roots penetrate the ground.
The leopard gecko barely misses you.
You miss the leopard gecko.
The leopard gecko bites you but does no damage.
You hit the leopard gecko but do no damage.
The leopard gecko bites you but does no damage.
You barely miss the leopard gecko. The leopard gecko bites you.
You die...

############## #..
######### #..
#.......####..
#######.............
#...................
#...................
#...................
#..l†...............
#..♣.........#####..
#............# #..
#............# #..
#............# ...
#############.. .. .
..


You could see a leopard gecko.

Vanquished Creatures
  2 dart slugs (D:1)
  2 bats (D:1)
  2 giant cockroaches (D:1)
  A goblin (D:1)
  A hobgoblin (D:1)
  2 jackals (D:1)
  A kobold (D:1)
  2 frilled lizards (D:1)
  3 rats (D:1)
16 creatures vanquished.

Notes
Turn   | Place    | Note
-------+----------+-------------------------------------------
     0 | D:1      | bosm the Vine Stalker Enchanter began the quest for the Orb.
     0 | D:1      | Reached XP level 1. HP: 9/9 MP: 4/4
    37 | D:1      | Reached skill level 1 in Short Blades
   470 | D:1      | Reached XP level 2. HP: 14/14 MP: 6/6
   712 | D:1      | Slain by a leopard gecko

Skill      XL: |  1 |
---------------+----+-----
Short Blades   | 1 |  1.4
Fighting       | |  0.6
Dodging        | |  1.5
Stealth        | |  3.9
Spellcasting   | |  2.5
Hexes          | |  3.0

Action                   || total
-------------------------++-------
Melee: Dagger            ||    58
       Bite              ||    13
 Cast: Corona            ||     1
  Use: Potion            ||     2
 Stab: Sleeping          ||     3
Armor: Robe              ||     1
       Ring mail         ||    25
       Skin              ||     2
Dodge: Dodged            ||    45
